AoeStats
← Sparten gio

Black Forest

503291185Analyzed
2v2 RM · 1mo ago on Aug 31, 2026· 62m 47s· 4 players
Game mode
Random Map
Map size
Medium (4 player)
Population
200
Speed
Normal
Resources
Standard
Victory
Conquest
Starting age
Dark Age
Ending age
Imperial Age
RankedLock teamsTeams togetherTeam positionsShared explorationLock speedFull tech treeHidden civsTurbo modeCheats
Victory
Defeat
🇺🇸 Persians · United States
869
+16
🇺🇸 Ethiopians · United States
835
+18
🇺🇸 Celts · United States
889
-18
🇨🇴 Burgundians · Colombia
866
-17
dannyk701
12:37 Feudal Age
16:41 Castle Age
17:42 Forging
17:37 Scale Barding Armor
18:09 Gold Mining
18:04 Horse Collar
20:36 Stone Mining
23:11 Iron Casting
23:28 Chain Barding Armor
27:42 Bloodlines
30:41 Husbandry
38:14 Imperial Age
39:03 Elite War Elephant
42:22 Blast Furnace
41:58 Plate Barding Armor
46:19 Ballistics
53:14 Cavalier
55:13 Savar
Cyan
2:32 Loom
13:27 Feudal Age
19:30 Castle Age
18:02 Double-Bit Axe
18:03 Horse Collar
21:15 Crossbowman
21:53 Fletching
22:04 Padded Archer Armor
23:22 Bow Saw
25:48 Gold Mining
25:48 Stone Mining
28:30 Wheelbarrow
30:44 Hand Cart
32:06 Leather Archer Armor
35:16 Thumb Ring
38:31 Imperial Age
38:19 Gold Shaft Mining
38:19 Stone Shaft Mining
37:53 Bodkin Arrow
41:32 Arbalester
44:56 Ballistics
45:37 Chemistry
44:49 Fortified Wall
44:36 Murder Holes
44:46 Siege Engineers
44:52 Masonry
52:04 Conscription
52:30 Elite Shotel Warrior
55:29 Torsion Engines
58:04 Two-Man Saw
Sparten gio
0:36 Loom
13:19 Feudal Age
15:45 Double-Bit Axe
21:29 Castle Age
23:40 Arson
24:50 Horse Collar
35:07 Forging
35:37 Fletching
46:47 Imperial Age
44:08 Town Watch
48:48 Scale Mail Armor
DAIVASO
7:42 Loom
11:26 Feudal Age
10:35 Double-Bit Axe
11:11 Horse Collar
19:34 Bow Saw
22:53 Castle Age
21:16 Heavy Plow
22:16 Gold Mining
23:38 Scale Barding Armor
23:45 Forging
24:58 Husbandry
25:20 Cavalier
26:54 Crop Rotation
26:35 Stone Mining
28:41 Wheelbarrow
31:23 Town Watch
32:07 Padded Archer Armor
33:32 Hand Cart
42:45 Gold Shaft Mining
42:50 Stone Shaft Mining
44:02 Town Patrol
45:32 Pikeman
46:12 Squires
48:14 Arson
54:03 Scale Mail Armor
54:39 Iron Casting
58:29 Imperial Age
62:56 Imperial Age
Connection lost

Rejoining the realm…

Still unreachable

The connection could not be restored.

Session expired

The server has moved on; the page needs a fresh start.